 Dungeon Crawl Stone Soup version 0.17.1-1-g73c8601 (webtiles) character file.

83 penguinsfan71 the Grave Robber (level 4, -3/30 HPs)
             Began as a Vampire Necromancer on Dec 21, 2015.
             Slain by an orc
             ... wielding a +0 falchion
              (8 damage)
             ... on level 3 of the Dungeon.
             The game lasted 00:08:41 (1958 turns).

penguinsfan71 the Grave Robber (VpNe)               Turns: 1958, Time: 00:08:41

Health: -3/30      AC:  2    Str:  8    XL:     4   Next: 22%
Magic:  1/8        EV: 13    Int: 17    God:
Gold:   63         SH:  0    Dex: 14    Spells: 1 memorised, 7 levels left

rFire  . . .     SeeInvis +     l - +0 falchion
rCold  + . .     Clarity  .     a - +0 robe
rNeg   + + .     SustAt   .     (no shield)
rPois  +         Gourm    .     (no helmet)
rElec  .         Spirit   .     (no cloak)
rCorr  .         Warding  .     (no gloves)
rMut   .         Stasis   .     (no boots)
MR     .....                    (no amulet)
Stlth  +++.......               (no ring)
                                (no ring)

@: regenerating slowly, not resistant to hostile enchantments, fairly stealthy
A: fangs 3, see invisible, unbreathing
a: Bat Form


You were on level 3 of the Dungeon.
You were very thirsty.

You visited 1 branch of the dungeon, and saw 3 of its levels.

You collected 63 gold pieces.

Inventory:

Hand Weapons
 e - a +0 whip of pain
 l - a +0 falchion (weapon)
 m - a +0 mace
Missiles
 k - 17 poisoned needles
Armour
 a - a +0 robe (worn)
Jewellery
 h - a cursed +5 ring of dexterity {unknown}
Scrolls
 d - 3 scrolls of remove curse
 g - 2 scrolls of identify
 i - a scroll of recharging
 j - a scroll of blinking {unknown}
Potions
 c - 16 potions of blood
 f - a potion of haste {unknown}
Books
 b - a book of Necromancy

   Spells                             Type                      Level
   a - Pain                           Necromancy                   1
   b - Animate Skeleton               Necromancy                   1
   c - Vampiric Draining              Necromancy                   3
   d - Regeneration                   Charms/Necromancy            3
   e - Animate Dead                   Necromancy                   4
   f - Control Undead                 Necromancy                   4


   Skills:
 + Level 0.1 Fighting
 + Level 0.1 Maces & Flails
 + Level 2.5 Dodging
 + Level 3.3 Stealth
 + Level 2.8 Spellcasting
 + Level 5.4 Necromancy


You had 7 spell levels left.
You knew the following spells:

 Your Spells              Type           Power        Failure   Level  Hunger
a - Pain                  Necr           ###.         1%          1    #......


Dungeon Overview and Level Annotations

Branches:
Dungeon (3/15)

Altars:

Annotations:
D:3 jojo1314's ghost, amateur MiFi


Innate Abilities, Weirdness & Mutations

You heal slowly.
You have razor-sharp teeth.
You have supernaturally acute eyesight.
You can survive without breathing.


Message History

You kill the worker ant!
You have reached level 4!
The goblin hits you with a dagger.
* * * LOW HITPOINT WARNING * * *
As you read the scroll labeled OGOFAA XIVECIN, it crumbles to dust.
You feel blessed for a moment.
It was a scroll of remove curse.
The goblin hits you with a dagger.
* * * LOW HITPOINT WARNING * * *
As you read the scroll labeled MISKYRCHUCO, it crumbles to dust.
It is a scroll of identify.
Identify which item? (\ to view known items) (? for menu, Esc to quit)
i - a scroll of recharging The goblin barely misses you.
Casting: Pain
Confirm with . or Enter, or press ? or * to list all spells.
Aiming: Pain
Press: ? - help, Shift-Dir - straight line, f - goblin
Aim: a goblin, wielding a dagger (chance to defeat MR: 95%)
The goblin convulses in agony!
The orc hits you with a falchion!
You die...

......... .........
......... ##
........% # ...
#<#....####. .#....
.......##.. .#....
.#.....##(# #....
.......##.# ##†.#
..........######@g#
##....o......o.o.##
...$...##....#####
##........##.....
##...#..#####....
#####..# .o.# #..#
#[# #..# ..# ##.#
.#


You could see 2 orcs and a goblin.

Vanquished Creatures
  A worker ant (D:3)
  An adder (D:2)
  An ooze (D:2)
  A worm (D:2)
  A giant gecko (D:2)
  2 orcs (D:3)
  7 bats
  4 giant cockroaches
  4 goblins
  8 hobgoblins
  3 kobolds
  7 giant newts
  A quokka (D:2)
  A rat (D:2)
42 creatures vanquished.

Notes
Turn   | Place    | Note
--------------------------------------------------------------
     0 | D:1      | penguinsfan71 the Vampire Necromancer began the quest for the Orb.
     0 | D:1      | Reached XP level 1. HP: 13/13 MP: 3/3
   335 | D:1      | Reached XP level 2. HP: 17/19 MP: 1/5
   534 | D:1      | Reached skill level 5 in Necromancy
   785 | D:2      | Reached XP level 3. HP: 15/24 MP: 1/6
  1865 | D:3      | Noticed jojo1314's ghost (amateur MiFi)
  1955 | D:3      | Reached XP level 4. HP: 10/30 MP: 2/8
  1958 | D:3      | Slain by an orc

Action                   |  1- 3 |  4- 6 || total
-------------------------+-------+-------++-------
Melee: Whip              |    28 |       ||    28
       Unarmed           |     2 |       ||     2
       Falchion          |     3 |       ||     3
 Cast: Pain              |    64 |     2 ||    66
 Abil: End Transformatio |     1 |       ||     1
       Bat Form          |     1 |       ||     1
  Use: Potion            |     2 |       ||     2
       Scroll            |       |     2 ||     2
